 Dungeon Crawl Stone Soup version 0.31-a0-149-g3fdcc5976a (webtiles) character file.

Game seed: 16477086675686171133

21 qw the Shooter (level 2, 0/26 HPs)
             Began as a Minotaur Hunter on June 7, 2023.
             Killed by nerve-wracking pain
             ... invoked by Jessica
              (9 damage)
             ... on level 2 of the Dungeon.
             The game lasted 00:00:15 (911 turns).

qw the Shooter (Minotaur Hunter)                     Turns: 911, Time: 00:00:16

Health: 0/26       AC:  4    Str: 15    XL:     2   Next: 62%
Magic:  1/1        EV: 12    Int:  6    God:
Gold:   38         SH:  0    Dex: 13    Spells: 1/1 levels left

rFire   . . .        Y - +0 shortbow
rCold   . . .        (shield currently unavailable)
rNeg    . . .        c - +0 leather armour
rPois   .            (helmet restricted)
rElec   .            (no cloak)
rCorr   +            f - +0 pair of gloves
SInv    .            (no boots)
Will    .....        (no amulet)
Stlth   +            i - ring of resist corrosion
HPRegen 0.24/turn    (no ring)
MPRegen 0.07/turn

%: no passive effects
@: no status effects
A: horns 2, retaliatory headbutt
a: no special abilities


You were on level 2 of the Dungeon.
You visited 1 branch of the dungeon, and saw 2 of its levels.

You collected 38 gold pieces.


Innate Abilities, Weirdness & Mutations

You have a pair of horns on your head.
You reflexively headbutt those who attack you in melee.


   Skills:
 - Level 3.0 Fighting
 + Level 5.0 Ranged Weapons
 - Level 2.1 Dodging
 - Level 0.7 Stealth


You had one spell level left.
You didn't know any spells.
Your spell library was empty.

Inventory:

Hand Weapons
 Y - a +0 shortbow (weapon)
Armour
 c - a +0 leather armour (worn)
 f - a +0 pair of gloves (worn)
Jewellery
 i - a ring of resist corrosion (left hand)
Scrolls
 a - 2 scrolls of identify

Dungeon Overview and Level Annotations

Branches:
Dungeon (2/15)

Altars:

Annotations:
D:2 Jessica


Message History

Found a Fen Folio.
Found 9 stones.
a - 2 scrolls of identify (gained 1) Jessica the Apprentice Sorceress comes into view.
She is wielding a +0 club, wearing a +2 robe of positive energy and carrying a wand of flame (17).
You shoot an arrow.
The arrow hits Jessica but does no damage.
Jessica shouts!
Jessica gestures wildly while chanting.
Jessica seems to speed up.
You shoot an arrow.
The arrow hits Jessica but does no damage.
You shoot an arrow. The arrow closely misses Jessica.
Jessica casts a spell at you. Pain shoots through your body!
You shoot an arrow. The arrow barely misses Jessica.
Jessica casts a spell.
Jessica blinks!
You shoot an arrow. The arrow hits Jessica.
Jessica is severely wounded.
Jessica drinks a potion.
Jessica is healed!
A rat comes into view.
Jessica zaps a wand.
The puff of flame hits you.
You shoot an arrow.
The arrow hits Jessica but does no damage.
Jessica is lightly wounded.
Jessica grins evilly.
Jessica zaps a wand.
The puff of flame hits you.
A worm comes into view.
Jessica points at you and mumbles some strange words.
Pain shoots through your body!
You shoot an arrow. The arrow hits Jessica.
Jessica is moderately wounded.
A bat comes into view.
Jessica closely misses you.
You shoot an arrow. The arrow hits Jessica.
Jessica is heavily wounded.
Jessica misses you. Jessica casts a spell at you.
Pain shoots through your body!
You die...

########## ####........#
............# #.
...#........# #####w...
##.#........####@..rb...
##.#.........^.@.####...
##.##....###.....#
##...............(...
.........#.......#....
.#:.##...#.#######.#...
.#.......#.# # ..
##.###...#. . #.. .#.##


You could see a worm, Jessica (fast), a bat and a rat.

Vanquished Creatures
  2 dart slugs (D:1)
  4 goblins (D:1)
  A quokka (D:1)
  3 bats (D:1)
  3 frilled lizards (D:1)
  2 kobolds (D:1)
  3 rats (D:1)
18 creatures vanquished.

Notes
Turn   | Place    | Note
-------+----------+-------------------------------------------
     0 | D:1      | qw the Minotaur Hunter began the quest for the Orb.
     0 | D:1      | Reached XP level 1. HP: 18/18 MP: 0/0
     0 | D:1      | 0 ||| qw: Version: 0.2-a-117-gc6b5c8b
     0 | D:1      | 0 ||| qw: Game counter: 2675
     0 | D:1      | 0 ||| qw: Always use a shield: true
     0 | D:1      | 0 ||| qw: God list: Okawaru
     0 | D:1      | 0 ||| qw: Allow faded altars: false
     0 | D:1      | 0 ||| qw: Do Orc after D:15 true
     0 | D:1      | 0 ||| qw: Do second Lair branch before Depths: true
     0 | D:1      | 0 ||| qw: Lair rune preference: random
     0 | D:1      | 0 ||| qw: Plans: Normal
     0 | D:1      | 0 ||| PLANNING D:1-11
   217 | D:1      | Reached XP level 2. HP: 25/25 MP: 1/1
   258 | D:1      | Reached skill level 5 in Ranged Weapons
   655 | D:1      | Reached skill level 3 in Fighting
   774 | D:1      | 774 ||| UPGRADING to +0 pair of gloves.
   779 | D:1      | 779 ||| UPGRADING to ring of resist corrosion.
   780 | D:1      | 780 ||| READING 2 scrolls labelled EBUPAL MACAR.
   781 | D:1      | 781 ||| READING scroll labelled QEIJINGUAS.
   782 | D:1      | 782 ||| READING scroll labelled UMUPELOEME.
   783 | D:1      | 783 ||| READING scroll labelled NIPANUMNAER.
   784 | D:1      | 784 ||| DROPPING scroll of butterflies.
   786 | D:1      | 786 ||| Stepping ~*~*~tactically~*~*~ (cloud).
   902 | D:2      | Noticed Jessica
   911 | D:2      | Killed from afar by Jessica

Levels and vault maps discovered:
D:1:      mrwooster_arrival_statue, layout_loops_corners,
          kennysheep_pointless_box
D:2:      minmay_roachtagon, layout_basic, basic_altar, serial_shops,
          nicolae_shop_advertising_works [nicolae_subvault_shop_adworks],
          chequers_jeans, uniq_sigmund, uniq_jessica

Skill      XL: |  1  2 |
---------------+-------+-----
Ranged Weapons | 5 |  5.0
Fighting       | 3 |  3.0
Dodging        | |  2.1
Stealth        | |  0.7

Action                     || total
---------------------------++-------
   Fire: Shortbow          ||    40
    Use: Scroll            ||     4
 Armour: Leather armour    ||     2
  Dodge: Dodged            ||     7

Table legend:
 A = Non-vault XP
 B = Vault XP
 C = Vault XP percentage of total XP
 D = Non-vault monster count
 E = Vault monster count
 F = Vault count percentage of total count
                 A         B        C        D         E       F
            +---------+---------+-------+---------+---------+-------
      Total |      30 |       0 |   0.0 |      18 |       0 |   0.0
            +---------+---------+-------+---------+---------+-------
        D:1 |      30 |       0 |   0.0 |      18 |       0 |   0.0
            +---------+---------+-------+---------+---------+-------
